 Dungeon Crawl Stone Soup version 0.28-a0-224-g76b539d98b (webtiles) character file.

Game seed: 8528325620226845373

4326 zdrol the Spear-Bearer (level 10, -4/90 HPs)
             Began as a Minotaur Fighter on Aug 21, 2021.
             Was an Elder of Okawaru.
             Slain by Erica (13 damage)
             ... on level 7 of the Dungeon.
             The game lasted 00:32:28 (7713 turns).

zdrol the Spear-Bearer (Minotaur Fighter)           Turns: 7713, Time: 00:32:29

Health: -4/90      AC: 19    Str: 23    XL:     10   Next: 11%
Magic:  9/9        EV:  7    Int:  5    God:    Okawaru [****..]
Gold:   305        SH: 10    Dex: 11    Spells: 9/9 levels left

rFire   . . .      SeeInvis .   C - +4 trident (protect)
rCold   . . .      Faith    .   c - +0 kite shield
rNeg    . . .      Spirit   .   w - +0 plate armour
rPois   .          Reflect  .   (helmet restricted)
rElec   .          Harm     .   (no cloak)
rCorr   .          Rampage  .   H - +0 pair of gloves
Will    .....                   (no boots)
Stlth   ..........              r - amulet of the acrobat
HPRegen 0.25/turn               D - +4 ring of protection
MPRegen 0.11/turn               y - +4 ring of slaying

@: mighty
A: horns 2, retaliatory headbutt
a: Renounce Religion, Heroism, Finesse


You were on level 7 of the Dungeon.
You worshipped Okawaru.
Okawaru was greatly pleased with you.
You visited 1 branch of the dungeon, and saw 8 of its levels.
You also visited: Sewer.

You collected 305 gold pieces.

Inventory:

Hand Weapons
 C - a +4 trident of protection (weapon)
 P - a +0 club
Missiles
 p - 2 boomerangs (quivered)
 q - 12 poisoned darts
 K - 4 throwing nets
Armour
 c - a +0 kite shield (worn)
 s - a scarf of shadows
 w - a +0 plate armour (worn)
 H - a +0 pair of gloves (worn)
Jewellery
 m - a +6 ring of intelligence
 r - an amulet of the acrobat (around neck)
 y - a +4 ring of slaying (right hand)
 B - a ring of willpower
 D - a +4 ring of protection (left hand)
 F - a ring of magical power
Wands
 x - a wand of charming (7)
 E - a wand of mindburst (17)
 N - a wand of iceblast (7)
 O - a wand of digging (4)
Scrolls
 b - 3 scrolls of blinking
 f - a scroll of fog
 j - a scroll of vulnerability {unknown}
 l - 3 scrolls of enchant weapon
 o - 2 scrolls of magic mapping
 t - 3 scrolls of immolation
 v - 2 scrolls of enchant armour {unknown}
 A - 2 scrolls of noise {unknown}
 G - a scroll of teleportation {unknown}
 L - a scroll of amnesia {unknown}
 M - a scroll of acquirement {unknown}
Potions
 d - a potion of flight
 e - 3 potions of attraction
 g - a potion of lignification
 h - a potion of curing
 i - a potion of berserk rage {unknown}
 k - a potion of heal wounds {unknown}
 n - a potion of invisibility {unknown}
 u - a potion of magic {unknown}
 z - 2 potions of haste {unknown}
 I - a potion of mutation {unknown}


   Skills:
 + Level 8.6 Fighting
 + Level 10.4 Polearms
 + Level 1.2 Throwing
 + Level 8.1 Armour
 + Level 4.0 Dodging
 + Level 1.0 Stealth
 + Level 8.9 Shields


You had 9 spell levels left.
You didn't know any spells.
Your spell library contained the following spells:

 Spells                   Type           Power      Damage    Failure   Level
 Gell's Gravitas          Tloc           0%         N/A       100%        3
 Teleport Other           Tloc           0%         N/A       100%        3
 Passage of Golubria      Tloc           N/A        N/A       100%        4
 Yara's Violent Unravell  Hex/Tmut       0%         3d3       100%        5
 Dispersal                Tloc           0%         N/A       100%        6
 Tukima's Dance           Hex            Unusable   N/A       N/A         3

Dungeon Overview and Level Annotations

Branches:
Dungeon (8/15)             Temple (0/1) D:5           Sewer (visited)
   Lair: D:8-11

Altars:
Dithmenos
Okawaru
Qazlal

Shops:
D:4 [

Annotations:
D:7 Erica
D:8 Joseph


Innate Abilities, Weirdness & Mutations

You have a pair of horns on your head.
You reflexively headbutt those who attack you in melee.


Message History

You feel as though you will be slow longer.
Your shield and plate armour prevent you from hitting something.
Something hits you but does no damage.
You hit something.
Your weapon exudes an aura of protection.
Your headbutt misses something. You block something's attack.
You closely miss something. Something hits you. Something burns you.
You hear some strange, mumbled words.
You are confused.
You bump into the rock wall.
You hear some strange, mumbled words.
A lance of force appears from out of thin air!
The lance of force hits you but does no damage.
You hit something but do no damage.
Your weapon exudes an aura of protection.
Something hits you but does no damage. Something completely misses you.
You bump into the rock wall.
You hear some strange, mumbled words.
You feel as though you will be slow longer.
Unknown command.
You completely miss something. Your headbutt misses something.
Something hits you.
* * * LOW HITPOINT WARNING * * *
Something burns you.
* * * LOW HITPOINT WARNING * * *
Something hits you!
* * * LOW HITPOINT WARNING * * *
Something burns you.
* * * LOW HITPOINT WARNING * * *
It was a potion of cancellation.
Your magical effects are unravelling.
You feel magically purged.
You feel yourself speed up.
You feel less confused. Something hits you.
* * * LOW HITPOINT WARNING * * *
Something burns you.
* * * LOW HITPOINT WARNING * * *
You feel very mighty all of a sudden. Something hits you!
You die...

#......#.### #.####.#.# ########
....##.#.# #......#### #.#......#
#.####.##.# ..####.#########
#.####.#... #.####.#.......#
#.##....... #(.....#.#####.#
######.##.#.#...
#.######.#####.###>[†......#.....
...# #.##.....@{g####.......#.#
...# #.#.....##### #######.#.#
...# #.#.....# ####.#.. ...#
#.......# #....... ...# ###.....#
########.##.##. ...#######.....#
#.....##.##....
...........#.######<....##.##....
.........#........[.....##.##.##.
.............##.##......##.##.##.


You could see a gnoll.

Vanquished Creatures
  Pikel (D:7)
  A troll (D:6)
  Prince Ribbit (D:5)
  Menkaure (D:5)
  Purgy (Sewer)
  2 orc warriors
  2 ice beasts
  A black bear (D:5)
  2 ogres
  4 sky beasts
  A necrophage (D:4)
  2 centaurs
  Blork the orc (D:5)
  A kobold brigand (D:7)
  3 scorpions
  3 bullfrogs (D:7)
  A water moccasin zombie (D:6)
  A wyvern skeleton (D:6)
  8 killer bees (D:7)
  2 howler monkeys
  2 bullfrog zombies
  A centaur zombie (D:6)
  2 jellies
  3 hounds
  A centaur skeleton (D:5)
  3 gnoll shamans
  2 orc priests
  3 orc wizards
  Natasha (thrice) (D:2)
  4 iguanas
  A hound zombie (D:5)
  22 gnolls
  6 adders
  2 white imps
  An ufetubus (D:5)
  3 dart slugs
  19 orcs
  7 ball pythons
  8 bats
  4 endoplasms
  2 giant cockroaches
  6 goblins
  3 hobgoblins
  14 jackals
  16 kobolds
  5 quokkas
  3 frilled lizards
  5 rats
190 creatures vanquished.

Vanquished Creatures (others)
  A kobold (D:8)
1 creature vanquished.

Grand Total: 191 creatures vanquished

Notes
Turn   | Place    | Note
-------+----------+-------------------------------------------
     0 | D:1      | zdrol the Minotaur Fighter began the quest for the Orb.
     0 | D:1      | Reached XP level 1. HP: 19/19 MP: 0/0
   251 | D:1      | Reached XP level 2. HP: 27/27 MP: 1/1
   606 | D:1      | Reached skill level 3 in Polearms
   613 | D:1      | Found a faded altar of an unknown god.
   753 | D:1      | Reached XP level 3. HP: 26/33 MP: 2/2
  1208 | D:2      | Noticed Natasha
  1221 | D:2      | Killed Natasha
  1236 | D:2      | Noticed Natasha
  1268 | D:2      | Killed Natasha
  1269 | D:2      | Reached XP level 4. HP: 5/41 MP: 3/3
  1327 | D:2      | Noticed Natasha
  1695 | D:2      | Killed Natasha
  1696 | D:2      | Reached XP level 5. HP: 39/47 MP: 4/4
  2094 | D:2      | Reached skill level 5 in Fighting
  2421 | D:3      | Reached skill level 4 in Polearms
  2664 | D:3      | Found a glowing drain.
  2670 | Sewer    | Entered a sewer
  2753 | Sewer    | Noticed Purgy
  2775 | Sewer    | Killed Purgy
  2776 | Sewer    | Reached skill level 5 in Armour
  2776 | Sewer    | Reached skill level 1 in Dodging
  2776 | Sewer    | Reached skill level 5 in Shields
  2776 | Sewer    | Reached XP level 6. HP: 39/56 MP: 5/5
  3897 | D:4      | Found an iron altar of Okawaru.
  3921 | D:4      | Became a worshipper of Warmaster Okawaru
  4053 | D:4      | Found a shadowy altar of Dithmenos.
  4119 | D:4      | Reached skill level 5 in Polearms
  4177 | D:4      | Found Veom's Antique Armour Shoppe.
  4432 | D:5      | Entered Level 5 of the Dungeon
  4465 | D:5      | Reached XP level 7. HP: 61/61 MP: 6/6
  4534 | D:5      | Found a stormy altar of Qazlal.
  4658 | D:5      | Noticed Blork the orc
  4659 | D:5      | Noticed Prince Ribbit
  4683 | D:5      | Killed Blork the orc
  4683 | D:5      | Reached * piety under Okawaru
  4707 | D:5      | Killed Prince Ribbit
  4708 | D:5      | Reached skill level 6 in Polearms
  4866 | D:5      | Reached XP level 8. HP: 71/71 MP: 7/7
  4913 | D:5      | Reached ** piety under Okawaru
  4927 | D:5      | Reached skill level 7 in Polearms
  5035 | D:5      | Found a staircase to the Ecumenical Temple.
  5226 | D:5      | Noticed Menkaure
  5232 | D:5      | Killed Menkaure
  5524 | D:6      | Reached skill level 8 in Polearms
  5843 | D:6      | Reached *** piety under Okawaru
  5844 | D:6      | Reached XP level 9. HP: 49/79 MP: 8/8
  5884 | D:6      | Noticed a troll
  5895 | D:6      | Killed a troll
  5899 | D:6      | Reached skill level 9 in Polearms
  6193 | D:6      | Reached skill level 1 in Throwing
  6761 | D:7      | Reached skill level 1 in Stealth
  6823 | D:7      | Reached **** piety under Okawaru
  7029 | D:7      | Reached skill level 10 in Polearms
  7386 | D:8      | Noticed Joseph
  7389 | D:8      | Noticed Erica
  7396 | D:8      | Noticed Pikel
  7672 | D:8      | Identified the +2 quarterstaff "Otetteh" {distort, Will-
                  | Str+6}
  7686 | D:7      | Killed Pikel
  7687 | D:7      | Reached XP level 10. HP: 55/90 MP: 9/9
  7713 | D:7      | Slain by Erica

Illustrated notes

Levels and vault maps discovered:
D:1:      dpeg_arrival_renting, layout_loops_corners,
          dilly_ecumenical_altar_fadedgnrine
D:2:      layout_loops_cross, minmay_heptomino_d4, uniq_natasha, uniq_terence
D:3:      layout_basic, portal_sewer_entry_e
D:4:      layout_rooms, mainiacjoe_overflow_alcove_4,
          mainiacjoe_overflow_alcove_1, serial_shops,
          nicolae_shop_competitors_out_of_business
D:5:      layout_cave_pools, grunt_qazlal_sundering,
          minmay_temple_entry_drinking_statues, minmay_pentangle,
          uniq_blork_the_orc, uniq_menkaure, uniq_prince_ribbit1
D:6:      cheibrodos_barr_body, layout_cave_pools
D:7:      layout_loops_cross
D:8:      layout_cave_pools, kennysheep_mini, overflow_temple_1_default,
          lemuel_crystal_altar, minmay_misc_feat_four_crosses, minmay_orc_keep,
          uniq_joseph, uniq_erica, uniq_pikel

Skill      XL: |  1  2  3  4  5  6  7  8  9 10 |
---------------+-------------------------------+-----
Armour         | 4 5 6 7 8 |  8.1
Fighting       | 4 5 6 7 8 |  8.6
Polearms       | 3 4 5 6 8 10 | 10.4
Shields        | 4 5 6 7 8 |  8.9
Dodging        | 1 2 3 4 |  4.0
Throwing       | 1 |  1.2
Stealth        | 1 |  1.0

Action                   |  1- 3 |  4- 6 |  7- 9 | 10-12 || total
-------------------------+-------+-------+-------+-------++-------
Melee: Trident           |    75 |   171 |   240 |    13 ||   499
       Headbutt          |    13 |    26 |    45 |     1 ||    85
Throw: Boomerang         |       |     2 |     8 |     1 ||    11
  Use: Scroll            |     2 |     3 |     5 |       ||    10
       Potion            |       |     2 |     3 |     2 ||     7
Armor: Scale mail        |    46 |   112 |    78 |       ||   236
       Plate armour      |       |       |    86 |    19 ||   105
Dodge: Dodged            |    29 |    71 |   157 |    11 ||   268
Block: Kite shield       |    39 |   100 |   156 |    15 ||   310

Table legend: (Time is in decaauts)
 A = Elapsed time spent in this place.
 B = Non-inter-level travel time spent in this place.
 C = Inter-level travel time spent in this place.
 D = Time resting spent in this place.
 E = Time spent auto-exploring this place.
 F = Levels seen in this place.
 G = Mean time per level.
                   A        B        C        D        E       F      G
               +--------+--------+--------+--------+--------+-----+--------+
         Total |   7847 |   7847 |      0 |    795 |   3137 |   9 |  871.9 |
       Dungeon |   7599 |   7599 |      0 |    795 |   3059 |   8 |  949.9 |
         Sewer |    248 |    248 |      0 |      0 |     78 |   1 |  248.0 |
               +--------+--------+--------+--------+--------+-----+--------+

Top non-repeatable levels by time:
     D:2: 1254 daAuts
     D:1: 1167 daAuts
     D:3: 1129 daAuts
     D:7: 1121 daAuts
     D:5: 1083 daAuts
     D:6: 1080 daAuts
     D:4: 745 daAuts
   Sewer: 248 daAuts
     D:8: 16 daAuts
